 Dungeon Crawl Stone Soup version 0.21.1-1-g345015f (webtiles) character file.

6 tidbits the Caller (level 1, 1/13 HPs)
             Began as a Gnoll Summoner on June 9, 2018.
             Quit the game on level 2 of the Dungeon.
             The game lasted 00:01:52 (172 turns).

tidbits the Caller (Gnoll Summoner)                  Turns: 172, Time: 00:01:53

Health: 1/13       AC:  2    Str: 10    XL:     1   Next: 90%
Magic:  5/6        EV: 14    Int: 17    God:
Gold:   49         SH:  0    Dex: 15    Spells: 8/9 levels left

rFire    . . .     SeeInvis .   a - +0 short sword
rCold    . . .     Gourm    .   (no shield)
rNeg     . . .     Faith    .   d - +0 robe
rPois    .         Spirit   .   (no helmet)
rElec    .         Reflect  .   (no cloak)
rCorr    .         Harm     .   (no gloves)
MR       .....                  (no boots)
Stlth    ++........             (no amulet)
HPRegen  0.04/turn              j - ring of loudness (curse)
MPRegen  0.10/turn              (no ring)

@: lethally poisoned (1 -> -5)
A: distributed training, fangs 1, strong nose
a: no special abilities


You were on level 2 of the Dungeon.
You were not hungry.

You visited 1 branch of the dungeon, and saw 2 of its levels.

You collected 49 gold pieces.

Inventory:

Hand Weapons
 a - a +0 short sword (weapon)
 f - a +0 club
Missiles
 g - 24 bolts
 i - 24 arrows
Armour
 d - a +0 robe (worn)
Jewellery
 j - a cursed ring of loudness (left hand)
   (You found it on level 2 of the Dungeon)
Scrolls
 e - 2 scrolls of identify {unknown}
Potions
 h - a potion of flight {unknown}
 k - a potion of heal wounds {unknown}
Books
 b - a book of Callings

   Spells                             Type                      Level
   a - Summon Small Mammal            Summoning                    1
   b - Call Imp                       Summoning                    2
   c - Call Canine Familiar           Summoning                    3
   d - Summon Guardian Golem          Hexes/Summoning              3
   e - Summon Lightning Spire         Summoning/Air                4
   f - Summon Ice Beast               Ice/Summoning                4
Comestibles
 c - a ration


   Skills:
 + Level 0.1 Fighting
 + Level 0.1 Short Blades
 + Level 0.1 Long Blades
 + Level 0.1 Axes
 + Level 0.1 Maces & Flails
 + Level 0.1 Polearms
 + Level 0.1 Staves
 + Level 0.1 Slings
 + Level 0.1 Bows
 + Level 0.1 Crossbows
 + Level 0.1 Throwing
 + Level 0.1 Armour
 + Level 4.4 Dodging
 + Level 4.0 Stealth
 + Level 0.1 Shields
 + Level 0.1 Unarmed Combat
 + Level 4.9 Spellcasting
 + Level 0.1 Conjurations
 + Level 0.1 Hexes
 + Level 0.1 Charms
 + Level 7.0 Summonings
 + Level 0.1 Necromancy
 + Level 0.1 Translocations
 + Level 0.1 Transmutations
 + Level 0.1 Fire Magic
 + Level 0.1 Ice Magic
 + Level 0.1 Air Magic
 + Level 0.1 Earth Magic
 + Level 0.1 Poison Magic
 + Level 0.2 Invocations
 + Level 0.1 Evocations


You had 8 spell levels left.
You knew the following spells:

 Your Spells              Type           Power        Failure   Level  Hunger
a - Summon Small Mammal   Summ           ####         1%          1    None


Dungeon Overview and Level Annotations

Branches:
Dungeon (2/15)

Altars:


Innate Abilities, Weirdness & Mutations

Your experience applies equally to all skills.
You have very sharp teeth.
Your uncanny sense of smell can sniff out nearby items.


Message History

You see here 24 bolts.
g - 24 bolts
Found a sapphire potion.
A hobgoblin comes into view. It is wielding a club.
Your rat disappears in a puff of smoke!
The hobgoblin shouts!
Found 24 arrows.
Unknown command.
Casting: Summon Small Mammal
Confirm with . or Enter, or press ? or * to list all spells.
Your quokka barely misses the hobgoblin.
The hobgoblin barely misses you.
Your quokka barely misses the hobgoblin.
A rat comes into view.
You barely miss the hobgoblin.
Your quokka bites the hobgoblin but does no damage.
The hobgoblin hits you with a club.
* * * LOW HITPOINT WARNING * * *
You closely miss the hobgoblin.
Your quokka barely misses the hobgoblin.
The hobgoblin barely misses you.
Your quokka closely misses the hobgoblin.
You hit the hobgoblin.
The hobgoblin is moderately wounded.
The hobgoblin closely misses you.
You hit the hobgoblin.
You kill the hobgoblin!
You swap places.
You see here a sapphire potion.
h - a sapphire potion The rat barely misses your quokka.
What are your orders? t - Bark!
Orders for allies: a - Attack new target. r - Retreat! s - Stop attacking. g - Guard the area. f - Follow me.
Anything else - Cancel.
Gang up on whom?
Press: ? - help, Dir - move target cursor, f - rat
Aim: a rat Attack!
The rat bites your quokka but does no damage.
Your quokka closely misses the rat.
Your rat disappears in a puff of smoke!
The rat closely misses your quokka.
Your quokka bites the rat.
The rat dies!
Found 9 gold pieces.
Found 16 gold pieces.
Found a steel ring.
Found a stone staircase leading down.
Found 16 gold pieces.
You see here 24 arrows.
i - 24 arrows
Found 15 gold pieces.
Your quokka disappears in a puff of smoke!
You see here 15 gold pieces.
You now have 40 gold pieces (gained 15).
You see here a steel ring.
j - a steel ring Put on which piece of jewellery? (? for menu, Esc to quit)
Oops, that ring feels deathly cold.
j - a cursed ring of loudness (left hand)
You open the door.
A goblin comes into view. It is wielding a club.
Found 7 gold pieces.
Casting: Summon Small Mammal
Confirm with . or Enter, or press ? or * to list all spells.
The goblin misses you.
You hit the goblin.
The goblin is severely wounded.
Your quokka bites the goblin.
The goblin dies!
Things that are here:
a club; a goblin corpse
There is an open door here.
You see here 7 gold pieces.
You now have 47 gold pieces (gained 7).
Found 2 gold pieces.
You see here 2 gold pieces.
You now have 49 gold pieces (gained 2).
Your quokka disappears in a puff of smoke!
There is an open door here.
Found a scroll labeled YZXINO UHOMIDUST.
Found a black potion.
You see here a scroll labeled YZXINO UHOMIDUST.
e - 2 scrolls labeled YZXINO UHOMIDUST (gained 1)
You see here a black potion.
k - a black potion A bat comes into view.
An adder and a hobgoblin come into view.
The adder hisses angrily.
Casting: Summon Small Mammal
Confirm with . or Enter, or press ? or * to list all spells.
The bat closely misses you. The adder bites you.
* * * LOW HITPOINT WARNING * * *
You are lethally poisoned!
The adder poisons you! The bat barely misses you.
A jackal comes into view.
Are you sure you want to abandon this character and quit the game? (Confirm with "yes".)

.. ### .. ... .# # #.#
.####.# ...
##...##.......
........###....#.g......
..#.....#.. #.rSbh.....
........#.# #@#
........#.# ###.#
..........####...#
...........##..### .....
#......## .# ##..#..##
#######...##.#
........#.##.#
.#.#####.)##.#


You could see an adder, a jackal, a hobgoblin, a bat and a friendly rat.

Vanquished Creatures
  A hobgoblin (D:2)
  A kobold (D:2)
2 creatures vanquished.

Vanquished Creatures (collateral kills)
  A ball python (D:2)
  A hobgoblin (D:1)
  A kobold (D:2)
  A goblin (D:2)
  A rat (D:2)
5 creatures vanquished.

Grand Total: 7 creatures vanquished

Notes
Turn   | Place    | Note
-------+----------+-------------------------------------------
     0 | D:1      | tidbits the Gnoll Summoner began the quest for the Orb.
     0 | D:1      | Reached XP level 1. HP: 13/13 MP: 6/6
   171 | D:2      | HP: 1/13 [adder (4)]
   172 | D:2      | Quit the game

Action                   || total
-------------------------++-------
Melee: Short sword       ||     5
       Club              ||     4
       Unarmed           ||     4
       Bite              ||     1
 Cast: Summon Small Mamm ||     9
 Stab: Distracted        ||     1
Armor: Robe              ||     2
Dodge: Dodged            ||    19

Table legend:
 A = Turns spent in this place as a percentage of turns spent in the entire game.
 B = Non-inter-level travel turns spent in this place as a percentage of non-inter-level travel turns spent in the entire game.
 C = Inter-level travel turns spent in this place as a percentage of turns spent in this place.
 D = Turns resting spent in this place as a percentage of non-inter-level travel turns spent in this place.
 E = Turns spent auto-exploring this place as a percentage of non-inter-level travel turns spent in this place.
 F = Non-inter-level travel turns spent in this place divided by the number of levels of this place that you've seen.
                   A       B       C       D       E      F
               +-------+-------+-------+-------+-------+----------------------
         Total | 100.0 | 100.0 |   0.0 |   0.0 |   0.0 |  86.0
       Dungeon | 100.0 | 100.0 |   0.0 |   0.0 |   0.0 |  86.0
               +-------+-------+-------+-------+-------+----------------------

Table legend:
 A = Kills in this place as a percentage of kills in entire the game.
 B = Kills by you in this place as a percentage of kills by you in the entire game.
 C = Kills by friends in this place as a percentage of kills by friends in the entire game.
 D = Other kills in this place as a percentage of other kills in the entire game.
 E = Experience gained in this place as a percentage of experience gained in the entire game.
 F = Experience gained in this place divided by the number of levels of this place that you have seen.
                   A       B       C       D       E      F
               +-------+-------+-------+-------+-------+----------------------
         Total | 100.0 | 100.0 | 100.0 |   N/A | 100.0 |   4.5
       Dungeon | 100.0 | 100.0 | 100.0 |   N/A | 100.0 |   4.5
               +-------+-------+-------+-------+-------+----------------------

Vault maps used:
D:1:      eino_arrival_cavern_e
D:2:      nicolae_overflow_hidden_temple, kennysheep_minor_cross
